 Dungeon Crawl Stone Soup version 0.27.1-33-g824d729ab1 (webtiles) character file.

Game seed: 6388394544529936984

10 pkoi the Caller (level 2, -3/20 HPs)
             Began as a Draconian Summoner on Dec 2, 2021.
             Slain by a kobold (5 damage)
             ... on level 1 of the Dungeon.
             The game lasted 00:00:59 (813 turns).

pkoi the Caller (Draconian Summoner)                 Turns: 813, Time: 00:01:00

Health: -3/20      AC:  4    Str: 10    XL:     2   Next: 10%
Magic:  3/5        EV: 12    Int: 15    God:
Gold:   18         SH:  0    Dex: 11    Spells: 4/5 levels left

rFire    . . .     SeeInvis .   (no weapon)
rCold    . . .     Faith    .   (no shield)
rNeg     . . .     Spirit   .   (armour unavailable)
rPois    .         Reflect  .   (helmet restricted)
rElec    .         Harm     .   (no cloak)
rCorr    .         Rampage  .   (no gloves)
Will     .....                  (no boots)
Stlth    ++........             (no amulet)
HPRegen  0.06/turn              e - +4 ring of slaying
MPRegen  0.09/turn              (no ring)

@: no status effects
A: AC +4, unfitting armour, cold-blooded
a: no special abilities


You were on level 1 of the Dungeon.
You visited 1 branch of the dungeon, and saw 1 of its levels.

You collected 18 gold pieces.

Inventory:

Jewellery
 e - a +4 ring of slaying (left hand)
Scrolls
 a - a scroll of identify {unknown}
Potions
 b - a potion of invisibility {unknown}
 c - a potion of mutation {unknown}
 d - a potion of flight {unknown}


   Skills:
 - Level 1.7 Dodging
 - Level 1.7 Stealth
 + Level 0.9 Unarmed Combat
 - Level 2.0 Spellcasting
 * Level 4.3 Summonings


You had 4 spell levels left.
You knew the following spells:

 Your Spells              Type           Power      Damage    Failure   Level
a - Summon Small Mammal   Summ           56%        N/A       3%          1

Your spell library contained the following spells:

 Spells                   Type           Power      Damage    Failure   Level
 Call Imp                 Summ           14%        N/A       5%          2
 Call Canine Familiar     Summ           14%        N/A       11%         3
 Summon Guardian Golem    Hex/Summ       8%         N/A       26%         3
 Summon Lightning Spire   Summ/Air       8%         N/A       65%         4


Dungeon Overview and Level Annotations

Branches:
Dungeon (1/15)

Altars:


Innate Abilities, Weirdness & Mutations

Your plain brown scales are hard. (AC +4)
You cannot fit into any form of body armour.
You are cold-blooded and may be slowed by cold attacks.


Message History

You are too injured to fight recklessly!
Unknown command.
You swap places.
Your bat hits the kobold but does no damage.
Your bat hits the hobgoblin but does no damage.
The ball python misses you. The ball python grabs you.
The ball python constricts you. The hobgoblin hits you.
* * * LOW HITPOINT WARNING * * *
The quokka closely misses you. The ball python completely misses you.
The ball python constricts you.
You hit the hobgoblin.
Your tail-slap misses the hobgoblin.
The hobgoblin is severely wounded.
Your bat hits the hobgoblin.
Your bat barely misses the kobold.
Your bat hits the quokka but does no damage.
The hobgoblin hits your bat.
Your bat dies!
Your bat's corpse disappears in a puff of smoke!
The kobold barely misses you. The quokka bites you.
* * * LOW HITPOINT WARNING * * *
The ball python bites you.
* * * LOW HITPOINT WARNING * * *
The ball python constricts you.
The hobgoblin shouts!
You hit the hobgoblin.
You kill the hobgoblin!
Your bat misses the kobold. Your bat hits the endoplasm.
Your bat hits the kobold but does no damage.
The quokka closely misses you. The kobold hits you but does no damage.
The ball python bites you.
* * * LOW HITPOINT WARNING * * *
The ball python constricts you.
* * * LOW HITPOINT WARNING * * *
The kobold throws a stone.
The stone hits you but does no damage.
Unknown command.
You escape the ball python's grasp.
Your bat closely misses the kobold.
Your bat hits the endoplasm.
The quokka bites you but does no damage.
The kobold closely misses you.
The kobold hits you with a +4 dagger of venom.
You die...

....... .......
.......##########
.................
..!..............
..?.>............
........J........
.....bSKr........
#######
......r.@K.......
......#
#########'######
......# #......#
##+#####
......######.######
#......#
......'....#.#
#......#
......####.#.#
#......# ......#
#.#.# #......#
..)...# #.#.#
#......# ......#
#.#.# #...†..###


You could see an endoplasm, 2 quokkas, a ball python, 2 kobolds and a friendly
bat (summoned).

Vanquished Creatures
  A hobgoblin (D:1)
  A frilled lizard (D:1)
2 creatures vanquished.

Vanquished Creatures (collateral kills)
  A dart slug (D:1)
  3 endoplasms (D:1)
  A giant cockroach (D:1)
  A goblin (D:1)
  2 hobgoblins (D:1)
  A kobold (D:1)
  A bat (D:1)
10 creatures vanquished.

Grand Total: 12 creatures vanquished

Notes
Turn   | Place    | Note
-------+----------+-------------------------------------------
     0 | D:1      | pkoi the Draconian Summoner began the quest for the Orb.
     0 | D:1      | Reached XP level 1. HP: 14/14 MP: 3/3
   652 | D:1      | Reached XP level 2. HP: 17/20 MP: 0/5
   813 | D:1      | Slain by a kobold

Illustrated notes

Levels and vault maps discovered:
D:1:      mrwooster_arrival_statue_3, layout_basic, minmay_vboxes

Action                   || total
-------------------------++-------
Melee: Unarmed           ||    11
 Cast: Summon Small Mamm ||    17
Armor: Skin              ||    13
Dodge: Dodged            ||    20
